 Dungeon Crawl Stone Soup version 0.27.1-34-g3ba077fa99 (webtiles) character file.

Game seed: 14653720924367288125

409 shadowrider38 the Ducker (level 6, -3/51 (53) HPs)
             Began as a Gnoll Monk on Jan 4, 2022.
             Slain by a wight (5 damage)
             ... on level 4 of the Dungeon.
             The game lasted 00:12:28 (4112 turns).

shadowrider38 the Ducker (Gnoll Monk)               Turns: 4112, Time: 00:12:29

HP:   -3/51 (53)    AC:  9    Str: 12    XL:     6   Next: 89%
MP:   9/9           EV:  7    Int: 10    God:
Gold: 130           SH:  0    Dex: 14    Spells: 9/9 levels left

rFire    + . .     SeeInvis .   a - +0 spear
rCold    . . .     Faith    .   (no shield)
rNeg     . . .     Spirit   .   h - +0 chain mail
rPois    .         Reflect  .   (no helmet)
rElec    .         Harm     .   (no cloak)
rCorr    .         Rampage  .   (no gloves)
Will     .....                  j - +0 pair of boots
Stlth    ..........             f - amulet of magic regeneration
HPRegen  0.17/turn              e - ring of protection from fire
MPRegen  0.36/turn              (no ring)

@: lightly drained
A: fangs 1, strong nose, distributed training
a: no special abilities


You were on level 4 of the Dungeon.
You visited 1 branch of the dungeon, and saw 6 of its levels.

You collected 130 gold pieces.

Inventory:

Hand Weapons
 a - a +0 spear (weapon)
Missiles
 d - 66 stones (quivered)
Armour
 h - a +0 chain mail (worn)
 j - a +0 pair of boots (worn)
Jewellery
 e - a ring of protection from fire (left hand)
 f - an amulet of magic regeneration (around neck)
Scrolls
 l - a scroll of immolation {unknown}
Potions
 b - a potion of curing
 c - a potion of brilliance {unknown}
 g - 2 potions of haste {unknown}
 i - a potion of resistance {unknown}
 m - a potion of heal wounds {unknown}
 n - a potion of mutation {unknown}
 o - a potion of ambrosia {unknown}


   Skills:
 + Level 6.9 Fighting
 + Level 2.1 Short Blades
 + Level 2.1 Long Blades
 + Level 2.1 Axes
 + Level 2.1 Maces & Flails
 + Level 6.9 Polearms
 + Level 2.1 Staves
 + Level 2.1 Slings
 + Level 2.1 Bows
 + Level 2.1 Crossbows
 + Level 2.1 Throwing
 + Level 2.1 Armour
 + Level 6.9 Dodging
 + Level 4.7 Stealth
 + Level 2.1 Shields
 + Level 2.1 Unarmed Combat
 + Level 2.1 Spellcasting
 + Level 1.7 Conjurations
 + Level 1.7 Hexes
 + Level 1.7 Summonings
 + Level 1.7 Necromancy
 + Level 1.7 Translocations
 + Level 1.7 Transmutations
 + Level 1.7 Fire Magic
 + Level 1.7 Ice Magic
 + Level 1.7 Air Magic
 + Level 1.7 Earth Magic
 + Level 1.7 Poison Magic
 + Level 2.4 Invocations
 + Level 2.1 Evocations


You had 9 spell levels left.
You didn't know any spells.
Your spell library was empty.

Dungeon Overview and Level Annotations

Branches:
Dungeon (6/15)
 Temple: D:4-7

Altars:
Kikubaaqudgha
Uskayaw

Shops:
D:4 (

Annotations:
D:2 Sigmund


Innate Abilities, Weirdness & Mutations

You have very sharp teeth.
Your uncanny sense of smell can sniff out nearby items.
Your experience applies equally to all skills.


Message History

A wight is nearby!
There is an open door here.
You see here a necrophage corpse.
You start resting.
A wight is nearby!
You close the door, pushing everything out of the way.
You start resting.
A wight opens the door.
It is wielding a +4 war axe.
You reach to attack!
You hit the wight.
The wight is lightly damaged.
You reach to attack!
You barely miss the wight.
The wight is lightly damaged.
You hit the wight but do no damage.
The wight is lightly damaged.
The wight hits you with a +4 war axe.
You closely miss the wight.
The wight is lightly damaged.
The wight hits you with a +4 war axe!
You hit the wight.
The wight is moderately damaged.
You closely miss the wight. You bite the wight, but do no damage.
The wight is moderately damaged.
The wight barely misses you.
You closely miss the wight.
The wight is moderately damaged.
The wight hits you with a +4 war axe.
You barely miss the wight.
The wight is moderately damaged.
The wight hits you with a +4 war axe!
You feel drained.
* * * LOW HITPOINT WARNING * * *
You hit the wight but do no damage.
The wight is moderately damaged.
You hit the wight but do no damage.
The wight is moderately damaged.
The wight hits you with a +4 war axe!
* * * LOW HITPOINT WARNING * * *
You hit the wight but do no damage. Your bite misses the wight.
The wight is moderately damaged.
The wight hits you with a +4 war axe.
You die...

...# #...
#######
..##
#.....#
+..... ∆
#.... ....
.... #..
.... #.#
..# ..∆ #@#
z.+
∩...####z##
..#
.........>#
>.#
....(...).#
..#
...z......#
..#
..........#
....
..........#
...∩
..........#
..##
....####+##


You could see a wight.

Vanquished Creatures
  2 necrophages
  A water moccasin zombie (D:5)
  2 hounds
  2 orc wizards (D:3)
  An adder (D:5)
  A shadow imp (D:5)
  5 dart slugs
  5 orcs
  7 ball pythons
  A bat (D:3)
  6 endoplasms
  A giant cockroach (D:3)
  3 goblins
  5 hobgoblins
  3 kobolds
  A frilled lizard (D:1)
  2 rats (D:3)
48 creatures vanquished.

Vanquished Creatures (others)
  4 plants (D:4)
  4 withered plants (D:1)
8 creatures vanquished.

Grand Total: 56 creatures vanquished

Notes
Turn   | Place    | Note
-------+----------+-------------------------------------------
     0 | D:1      | shadowrider38 the Gnoll Monk began the quest for the Orb.
     0 | D:1      | Reached XP level 1. HP: 23/23 MP: 1/1
    18 | D:2      | Noticed Sigmund
    18 | D:2      | Found an ancient bone altar of Kikubaaqudgha.
   309 | D:1      | Reached XP level 2. HP: 29/29 MP: 2/2
   324 | D:1      | Found a faded altar of an unknown god.
  1144 | D:1      | Reached XP level 3. HP: 35/35 MP: 3/3
  2035 | D:4      | Noticed a scorpion
  2182 | D:3      | Reached skill level 1 in Invocations
  2493 | D:3      | Reached skill level 1 in Short Blades
  2493 | D:3      | Reached skill level 1 in Long Blades
  2493 | D:3      | Reached skill level 1 in Axes
  2493 | D:3      | Reached skill level 1 in Maces & Flails
  2493 | D:3      | Reached skill level 1 in Staves
  2493 | D:3      | Reached skill level 1 in Slings
  2493 | D:3      | Reached skill level 1 in Bows
  2493 | D:3      | Reached skill level 1 in Crossbows
  2493 | D:3      | Reached skill level 1 in Throwing
  2493 | D:3      | Reached skill level 1 in Armour
  2493 | D:3      | Reached skill level 1 in Shields
  2493 | D:3      | Reached skill level 1 in Unarmed Combat
  2493 | D:3      | Reached skill level 1 in Spellcasting
  2493 | D:3      | Reached skill level 1 in Evocations
  2493 | D:3      | Reached XP level 4. HP: 28/41 MP: 5/5
  2638 | D:3      | Reached skill level 1 in Conjurations
  2638 | D:3      | Reached skill level 1 in Hexes
  2638 | D:3      | Reached skill level 1 in Summonings
  2638 | D:3      | Reached skill level 1 in Necromancy
  2638 | D:3      | Reached skill level 1 in Translocations
  2638 | D:3      | Reached skill level 1 in Transmutations
  2638 | D:3      | Reached skill level 1 in Fire Magic
  2638 | D:3      | Reached skill level 1 in Ice Magic
  2638 | D:3      | Reached skill level 1 in Air Magic
  2638 | D:3      | Reached skill level 1 in Earth Magic
  2638 | D:3      | Reached skill level 1 in Poison Magic
  3019 | D:3      | You fall into a shaft and drop 2 floors!
  3019 | D:5      | Entered Level 5 of the Dungeon
  3037 | D:5      | Reached XP level 5. HP: 30/47 MP: 5/7
  3143 | D:6      | Noticed a water moccasin
  3273 | D:5      | Noticed a black bear
  3283 | D:5      | Noticed an ogre
  3509 | D:6      | Noticed a necrophage
  3527 | D:6      | Killed a necrophage
  3528 | D:6      | Reached XP level 6. HP: 38/53 MP: 8/8
  3654 | D:5      | Found a hide-covered altar of Uskayaw.
  3718 | D:5      | Noticed a necrophage
  4028 | D:4      | Found Hoculaib's Weapon Shop.
  4053 | D:4      | Noticed a necrophage
  4068 | D:4      | Killed a necrophage
  4111 | D:4      | HP: 2/51 [wight (13)]
  4112 | D:4      | Slain by a wight

Illustrated notes

Levels and vault maps discovered:
D:1:      mrwooster_arrival_statue, layout_basic,
          ebering_ecumenical_altar_petrified, amcnicky_mini_pool_small,
          serial_park_tiny_1
D:2:      layout_basic, basic_altar, uniq_sigmund
D:3:      layout_rooms, mainiacjoe_overflow_brackets, serial_shops,
          nicolae_lakefront_shop
D:4:      layout_basic, serial_shops, nicolae_shop_statue_plus,
          nicolae_shop_competitors_out_of_business,
          nicolae_shop_overgrown_old_shop, shop_statue, shop
D:5:      layout_layer_cave, marbit_many_paths, portal_sewer_entry_a,
          grunt_tough_drop, uniq_grinder
D:6:      layout_loops_cross, pdpol_wu_jian_five_deadly_venoms,
          gammafunk_temple_overflow_forgotten

Skill      XL: |  1  2  3  4  5  6 |
---------------+-------------------+-----
Invocations    | 1 2 |  2.4
Short Blades   | 1 2 |  2.1
Long Blades    | 1 2 |  2.1
Axes           | 1 2 |  2.1
Maces & Flails | 1 2 |  2.1
Staves         | 1 2 |  2.1
Slings         | 1 2 |  2.1
Bows           | 1 2 |  2.1
Crossbows      | 1 2 |  2.1
Throwing       | 1 2 |  2.1
Armour         | 1 2 |  2.1
Shields        | 1 2 |  2.1
Unarmed Combat | 1 2 |  2.1
Spellcasting   | 1 2 |  2.1
Evocations     | 1 2 |  2.1
Conjurations   | 1 |  1.7
Hexes          | 1 |  1.7
Summonings     | 1 |  1.7
Necromancy     | 1 |  1.7
Translocations | 1 |  1.7
Transmutations | 1 |  1.7
Fire Magic     | 1 |  1.7
Ice Magic      | 1 |  1.7
Air Magic      | 1 |  1.7
Earth Magic    | 1 |  1.7
Poison Magic   | 1 |  1.7
Fighting       | |  6.9
Polearms       | |  6.9
Dodging        | |  6.9
Stealth        | |  4.7

Action                   |  1- 3 |  4- 6 || total
-------------------------+-------+-------++-------
Melee: Spear             |   118 |   158 ||   276
       Bite              |     9 |    10 ||    19
       Punch             |       |     1 ||     1
  Use: Scroll            |       |     1 ||     1
       Potion            |       |     1 ||     1
 Stab: Sleeping          |     1 |       ||     1
Armor: Robe              |     4 |       ||     4
       Chain mail        |    38 |    59 ||    97
Dodge: Dodged            |    39 |    31 ||    70
